 Dungeon Crawl Stone Soup version 0.21.1-1-g345015f (webtiles) character file.

48 Larett the Sneak (level 3, -8/24 HPs)
             Began as an Octopode Assassin on Mar 19, 2018.
             Killed from afar by an orc wizard (12 damage)
             ... with a puff of flame
             ... on level 3 of the Dungeon.
             The game lasted 00:02:13 (1762 turns).

Larett the Sneak (Octopode Assassin)                Turns: 1762, Time: 00:02:14

Health: -8/24      AC:  1    Str: 10    XL:     3   Next: 72%
Magic:  3/3        EV: 12    Int: 16    God:
Gold:   99         SH:  0    Dex: 14    Spells: 2/2 levels left

rFire    . . .     SeeInvis .   a - +2 dagger
rCold    . . .     Gourm    .   (no shield)
rNeg     . . .     Faith    .   (helmet restricted)
rPois    .         Spirit   .   (no amulet)
rElec    .         Reflect  .   w - +3 ring of intelligence
rCorr    .         Harm     .   (no ring)
MR       .....                  (no ring)
Stlth    ++++......             (no ring)
HPRegen  0.08/turn              (no ring)
MPRegen  0.08/turn              (no ring)
                                (no ring)
                                (no ring)

@: drained
A: almost no armour, stealthy swim, amphibious, 8 rings, constrict 8, camouflage
1, gelatinous body 1
a: no special abilities


You were on level 3 of the Dungeon.
You were hungry.

You visited 1 branch of the dungeon, and saw 3 of its levels.

You collected 99 gold pieces.

Inventory:

Hand Weapons
 a - a +2 dagger (weapon)
 q - a +0 blowgun
Missiles
 c - 33 poisoned needles
 d - 2 curare-tipped needles
 t - 5 bolts
 v - 46 stones (quivered)
 A - 41 arrows
 C - 13 sling bullets
Jewellery
 w - a +3 ring of intelligence (left tentacle)
Scrolls
 u - 2 scrolls of teleportation {unknown}
 y - 3 scrolls of enchant armour {unknown}
 z - 3 scrolls of immolation {unknown}
 B - 2 scrolls of remove curse {unknown}
Potions
 s - 3 potions of lignification {unknown}
 x - a potion of ambrosia {unknown}
 D - a potion of brilliance {unknown}
 E - 2 potions of cancellation {unknown}
Comestibles
 f - 2 rations
 F - 5 chunks of flesh


   Skills:
 - Level 2.0(1.5) Fighting
 - Level 2.0(1.5) Short Blades
 - Level 2.0(1.5) Throwing
 - Level 1.0(0.5) Dodging
 + Level 7.3(6.7) Stealth


You had 2 spell levels left.
You didn't know any spells.

Dungeon Overview and Level Annotations

Branches:
Dungeon (3/15)

Altars:
Fedhas


Innate Abilities, Weirdness & Mutations

You cannot wear most types of armour.
You are very stealthy in the water. (Stealth+)
You are amphibious.
You can wear up to eight rings at the same time.
You can use your tentacles to constrict eight enemies at once.
Your skin changes colour to match your surroundings (Stealth+).
Your rubbery body absorbs attacks. (AC +1, EV +1)


Message History

Things that are here:
a flail; a leather armour An orc comes into view.
It is wielding a mace.
The orc shouts!
You hear a shout!
The orc barely misses you.
The orc hits you with a falchion of draining.
You feel drained.
The orc wizard mumbles some strange words.
The orc wizard seems to speed up.
You are feeling hungry.
The orc wizard points at you and mumbles some strange words.
The puff of frost hits you!
* * * LOW HITPOINT WARNING * * *
The orc hits you with a falchion of draining.
* * * LOW HITPOINT WARNING * * *
You feel drained.
The orc wizard gestures at you while chanting.
The puff of flame hits you!
Ouch! That really hurt!
You die...

######### o..o....#####
#######o#...######
.........)......†######
.......)...o..o........
########.).....#....###
#..........#@###..#
#.#####.#..#.#<#..#
#.#..#.#.# .#
#.#..#.#.# # #....#.#.#
.#...#.#.# .#$..#...#
#####


You could see an orc wizard and 2 orcs.

Vanquished Creatures
  2 oozes (D:1)
  A worm (D:2)
  2 orcs (D:3)
  A ball python (D:2)
  2 giant cockroaches
  5 goblins
  6 hobgoblins
  2 bats
  A frilled lizard (D:1)
  4 kobolds
  6 rats
32 creatures vanquished.

Notes
Turn   | Place    | Note
-------+----------+-------------------------------------------
     0 | D:1      | Larett the Octopode Assassin began the quest for the Orb.
     0 | D:1      | Reached XP level 1. HP: 14/14 MP: 1/1
   140 | D:1      | Reached XP level 2. HP: 19/19 MP: 2/2
   149 | D:1      | Reached skill level 6 in Stealth
   516 | D:1      | Reached XP level 3. HP: 24/24 MP: 3/3
  1037 | D:2      | Reached skill level 7 in Stealth
  1365 | D:2      | Found a blossoming altar of Fedhas.
  1762 | D:3      | Killed from afar by an orc wizard

Skill      XL: |  1  2  3 |
---------------+----------+-----
Stealth        | 6 7 |  7.3
Fighting       | |  2.0
Short Blades   | |  2.0
Throwing       | |  2.0
Dodging        | |  1.0

Action                   || total
-------------------------++-------
Melee: Dagger            ||    43
       Constrict         ||     7
       Tentacles         ||     4
 Stab: Sleeping          ||    18
  Eat: Chunk             ||     2
Armor: Skin              ||     2
Dodge: Dodged            ||    14
